 Dungeon Crawl Stone Soup version 0.28.0-43-g3370ac3207 (webtiles) character file.

Game seed: 7911658827940695647

453 Ablot the Grasshopper (level 7, -5/56 HPs)
             Began as a Gnoll Warper on Mar 21, 2022.
             Killed from afar by an orc wizard (9 damage)
             ... with a magic dart
             ... on level 4 of the Dungeon.
             The game lasted 00:07:05 (4992 turns).

Ablot the Grasshopper (Gnoll Warper)                Turns: 4992, Time: 00:07:06

Health: -5/56      AC:  5    Str: 13    XL:     7   Next: 5%
Magic:  12/15      EV: 13    Int: 12    God:
Gold:   149        SH:  0    Dex: 11    Spells: 15/17 levels left

rFire   . . .      SeeInvis .   y - +0 short sword (venom)
rCold   . . .      Faith    .   (no shield)
rNeg    + . .      Spirit   .   b - +0 leather armour
rPois   .          Reflect  .   x - +0 helmet
rElec   .          Harm     .   (no cloak)
rCorr   .          Rampage  .   (no gloves)
Will    .....                   w - +0 pair of boots
Stlth   ++........              (no amulet)
HPRegen 0.18/turn               g - ring of positive energy
MPRegen 0.14/turn               (no ring)

@: no status effects
A: fangs 1, strong nose, distributed training
a: no special abilities


You were on level 4 of the Dungeon.
You visited 1 branch of the dungeon, and saw 4 of its levels.

You collected 149 gold pieces.

Inventory:

Hand Weapons
 a - a +0 trident
 r - a +1 hunting sling of freezing
 y - a +0 short sword of venom (weapon)
Missiles
 d - 5 boomerangs of dispersal
 j - 46 sling bullets
 l - 55 stones (quivered)
 m - 18 bolts
 n - 29 arrows
Armour
 b - a +0 leather armour (worn)
 s - a +2 buckler
 w - a +0 pair of boots (worn)
 x - a +0 helmet (worn)
Jewellery
 g - a ring of positive energy (left hand)
 k - a ring of ice
 v - a ring of flight
Wands
 t - a wand of flame (17)
Scrolls
 c - a scroll of blinking
 e - a scroll of fear {unknown}
 f - 2 scrolls of teleportation {unknown}
 i - a scroll of torment {unknown}
 o - 5 scrolls of identify {unknown}
 p - a scroll of noise {unknown}
 u - a scroll of enchant weapon {unknown}
Potions
 h - 2 potions of curing {unknown}
 q - a potion of degeneration {unknown}
 z - 2 potions of magic {unknown}
 A - a potion of heal wounds {unknown}


   Skills:
 + Level 5.1 Fighting
 + Level 2.2 Short Blades
 + Level 2.2 Long Blades
 + Level 2.2 Axes
 + Level 2.2 Maces & Flails
 + Level 5.1 Polearms
 + Level 2.2 Staves
 + Level 2.2 Slings
 + Level 2.2 Bows
 + Level 2.2 Crossbows
 + Level 3.4 Throwing
 + Level 3.4 Armour
 + Level 5.1 Dodging
 + Level 2.2 Stealth
 + Level 2.2 Shields
 + Level 2.2 Unarmed Combat
 + Level 5.5 Spellcasting
 + Level 1.8 Conjurations
 + Level 1.8 Hexes
 + Level 1.8 Summonings
 + Level 1.8 Necromancy
 + Level 5.7 Translocations
 + Level 1.8 Transmutations
 + Level 1.8 Fire Magic
 + Level 1.8 Ice Magic
 + Level 1.8 Air Magic
 + Level 1.8 Earth Magic
 + Level 1.8 Poison Magic
 + Level 2.5 Invocations
 + Level 2.2 Evocations


You had 15 spell levels left.
You knew the following spells:

 Your Spells              Type           Power      Damage    Failure   Level
a - Blink                 Tloc           34%        N/A       3%          2

Your spell library contained the following spells:

 Spells                   Type           Power      Damage    Failure   Level
 Gell's Gravitas          Tloc           17%        N/A       7%          3
 Lesser Beckoning         Tloc           17%        N/A       7%          3
 Teleport Other           Tloc           17%        N/A       7%          3
 Manifold Assault         Tloc           17%        N/A       52%         5


Dungeon Overview and Level Annotations

Branches:
Dungeon (4/15)
 Temple: D:4-7

Altars:
Nemelex Xobeh
Sif Muna
Vehumet
Xom
Yredelemnul

Shops:
D:1 (


Innate Abilities, Weirdness & Mutations

You have very sharp teeth.
Your uncanny sense of smell can sniff out nearby items.
Your experience applies equally to all skills.


Message History

You blink.
The iguana barely misses you.
Unknown command.
You barely miss the orc wizard. The iguana barely misses you.
The orc wizard barely misses you.
You hit the orc wizard.
The orc wizard is poisoned.
The orc wizard is lightly wounded.
The iguana barely misses you. The orc hits you with a +0 whip.
The orc hits you with a +0 dagger.
* * * LOW HITPOINT WARNING * * *
You miss the orc wizard.
The orc wizard is moderately wounded.
The orc closely misses you. The orc misses you. The iguana barely misses you.
Unknown command.
You barely miss the orc wizard. You bite the orc wizard.
The orc wizard is moderately wounded.
You feel stable enough to blink again. The orc wizard misses you.
The iguana bites you.
* * * LOW HITPOINT WARNING * * *
The orc hits you but does no damage. The orc closely misses you.
Something hits you but does no damage.
Casting: Blink (safe; 3% risk of failure)
Confirm with . or Enter, or press ? or * to list all spells.
You blink.
The orc closely misses you. The orc misses you.
The orc hits you with a +0 whip.
* * * LOW HITPOINT WARNING * * *
There is an open door here.
You completely miss the orc.
The orc is heavily wounded.
You kill the orc wizard!
The orc hits you with a +0 dagger.
* * * LOW HITPOINT WARNING * * *
The orc closely misses you.
You have reached level 7!
The orc hits you with a +0 dagger.
* * * LOW HITPOINT WARNING * * *
You feel stable enough to blink again.
A magic dart appears from out of thin air!
The magic dart hits you!
You die...

.....+ #....<...... #...#
∆#......# ########.... ##'##
+......###### #.... ....#
#.....[.....# #....
[)..#######...........# #....
..........+...........#######....
..........#......................
#....)oo..#......................
#...###'###.{...@................
....#....o.l.....................
#...#............................
#####.................#######....
#.................# #....
#.................# #....
#......############ #....
#......# #.....########....
#......# #.....##.....#.<..


You could see an iguana and an orc.

Vanquished Creatures
  An ogre (D:4)
  A gnoll sergeant (D:2)
  Natasha (thrice) (D:2)
  2 orc wizards (D:4)
  An adder (D:2)
  9 gnolls
  An ufetubus (D:4)
  3 worms
  4 orcs (D:3)
  7 ball pythons
  9 endoplasms
  4 giant cockroaches
  10 goblins
  5 hobgoblins
  A quokka (D:3)
  4 bats
  2 frilled lizards
  3 kobolds
  14 rats
84 creatures vanquished.

Notes
Turn   | Place    | Note
-------+----------+-------------------------------------------
     0 | D:1      | Ablot the Gnoll Warper began the quest for the Orb.
     0 | D:1      | Reached XP level 1. HP: 20/20 MP: 6/6
   117 | D:1      | Reached XP level 2. HP: 26/26 MP: 7/7
   120 | D:1      | Learned a level 2 spell: Blink
   135 | D:1      | Found Omniac's Weapon Shoppe.
   822 | D:2      | Noticed a gnoll sergeant
   833 | D:2      | Reached skill level 5 in Spellcasting
   833 | D:2      | Reached XP level 3. HP: 16/31 MP: 7/9
   844 | D:1      | Reached skill level 1 in Invocations
  1201 | D:2      | Reached skill level 1 in Short Blades
  1201 | D:2      | Reached skill level 1 in Long Blades
  1201 | D:2      | Reached skill level 1 in Axes
  1201 | D:2      | Reached skill level 1 in Maces & Flails
  1201 | D:2      | Reached skill level 1 in Staves
  1201 | D:2      | Reached skill level 1 in Slings
  1201 | D:2      | Reached skill level 1 in Bows
  1201 | D:2      | Reached skill level 1 in Crossbows
  1201 | D:2      | Reached skill level 1 in Stealth
  1201 | D:2      | Reached skill level 1 in Shields
  1201 | D:2      | Reached skill level 1 in Unarmed Combat
  1201 | D:2      | Reached skill level 1 in Evocations
  1201 | D:2      | Reached XP level 4. HP: 13/38 MP: 11/11
  1502 | D:2      | Found a shimmering blue altar of Sif Muna.
  1934 | D:2      | Found the +8 woodcutter's axe {vorpal}
  2038 | D:2      | Noticed Natasha
  2047 | D:2      | Killed Natasha
  2048 | D:2      | Reached skill level 1 in Conjurations
  2048 | D:2      | Reached skill level 1 in Hexes
  2048 | D:2      | Reached skill level 1 in Summonings
  2048 | D:2      | Reached skill level 1 in Necromancy
  2048 | D:2      | Reached skill level 1 in Transmutations
  2048 | D:2      | Reached skill level 1 in Fire Magic
  2048 | D:2      | Reached skill level 1 in Ice Magic
  2048 | D:2      | Reached skill level 1 in Air Magic
  2048 | D:2      | Reached skill level 1 in Earth Magic
  2048 | D:2      | Reached skill level 1 in Poison Magic
  2423 | D:2      | Noticed Natasha
  2440 | D:2      | Killed Natasha
  2441 | D:2      | Reached XP level 5. HP: 12/43 MP: 12/12
  3128 | D:2      | Noticed Natasha
  3290 | D:2      | Killed Natasha
  3291 | D:2      | Reached XP level 6. HP: 46/50 MP: 13/13
  3479 | D:3      | Found a faded altar of an unknown god.
  3622 | D:3      | Found a radiant altar of Vehumet.
  3668 | D:3      | Found a basalt altar of Yredelemnul.
  3865 | D:3      | Found a large runed translucent door.
  3865 | D:3      | Found a large runed translucent door.
  4080 | D:3      | Reached skill level 5 in Fighting
  4080 | D:3      | Reached skill level 5 in Polearms
  4080 | D:3      | Reached skill level 5 in Dodging
  4559 | D:3      | Found a shimmering altar of Xom.
  4569 | D:3      | Found a sparkling altar of Nemelex Xobeh.
  4942 | D:4      | Found the +7 Kryia's mail coat {PotionHeal*2 rC+}
  4984 | D:4      | Reached XP level 7. HP: 5/56 MP: 11/15
  4992 | D:4      | Killed from afar by an orc wizard

Illustrated notes

Levels and vault maps discovered:
D:1:      dpeg_arrival_ratfight, layout_basic, serial_shops,
          nicolae_shop_hallway_plus
D:2:      layout_basic, basic_altar, pf_guarded_unrand_woodcutter, uniq_natasha
D:3:      wander_river, layout_basic, mainiacjoe_overflow_boulevard,
          nicolae_overflow_crystal_walls, jmf_multi_god_temple2,
          basic_ecumenical_altar
D:4:      layout_gridville

Skill      XL: |  1  2  3  4  5  6 |
---------------+-------------------+-----
Spellcasting   | 5 |  5.5
Invocations    | 1 2 |  2.5
Short Blades   | 1 2 |  2.2
Long Blades    | 1 2 |  2.2
Axes           | 1 2 |  2.2
Maces & Flails | 1 2 |  2.2
Staves         | 1 2 |  2.2
Slings         | 1 2 |  2.2
Bows           | 1 2 |  2.2
Crossbows      | 1 2 |  2.2
Stealth        | 1 2 |  2.2
Shields        | 1 2 |  2.2
Unarmed Combat | 1 2 |  2.2
Evocations     | 1 2 |  2.2
Conjurations   | 1 |  1.8
Hexes          | 1 |  1.8
Summonings     | 1 |  1.8
Necromancy     | 1 |  1.8
Transmutations | 1 |  1.8
Fire Magic     | 1 |  1.8
Ice Magic      | 1 |  1.8
Air Magic      | 1 |  1.8
Earth Magic    | 1 |  1.8
Poison Magic   | 1 |  1.8
Throwing       | 3 |  3.4
Armour         | 3 |  3.4
Fighting       | 5 |  5.1
Polearms       | 5 |  5.1
Dodging        | 5 |  5.1
Translocations | |  5.7

Action                   |  1- 3 |  4- 6 |  7- 9 || total
-------------------------+-------+-------+-------++-------
Melee: Spear             |   101 |    85 |       ||   186
       Bite              |     7 |    18 |       ||    25
       Punch             |     1 |     2 |       ||     3
       Trident           |       |   108 |       ||   108
       Short sword       |       |    38 |       ||    38
 Fire: Hunting sling     |       |     7 |       ||     7
Throw: Stone             |       |    15 |       ||    15
 Cast: Blink             |       |     5 |       ||     5
Evoke: Wand              |       |     2 |       ||     2
 Stab: Sleeping          |     3 |     2 |       ||     5
Armor: Leather armour    |     5 |    32 |       ||    37
Dodge: Dodged            |    24 |   120 |       ||   144
